 Dungeon Crawl Stone Soup version 0.29.0-4-gdea44cf6ec (webtiles) character file.

Game seed: 5422945576993061446

2108 qw the Cleaver (level 9, -4/54 HPs)
             Began as a Gargoyle Berserker on Sept 5, 2022.
             Was a Priest of Trog.
             Slain by an unseen horror (7 damage)
             ... on level 6 of the Dungeon.
             The game lasted 00:02:01 (5228 turns).

qw the Cleaver (Gargoyle Berserker)                 Turns: 5228, Time: 00:02:01

Health: -4/54      AC: 19    Str: 22 (25) XL:     9   Next: 28%
Magic:  9/9        EV:  5    Int:  8      God:    Trog [***...]
Gold:   202        SH:  9    Dex:  8 (9)  Spells: 8/8 levels left

rFire   + . .      SeeInvis .   n - +1 war axe (vamp)
rCold   . . .      Faith    .   j - +0 kite shield
rNeg    + . .      Spirit   .   g - +0 plate armour
rPois   inf        Reflect  .   d - +0 helmet
rElec   +          Harm     .   (no cloak)
rCorr   .          Rampage  .   (no gloves)
Will    .....                   (no boots)
Stlth   ..........              (no amulet)
HPRegen 0.18/turn               c - ring of protection from fire
MPRegen 0.11/turn               (no ring)

@: no status effects
A: sickness immunity, AC +6, negative energy resistance 1, electricity
resistance, torment resistance 1, petrification resistance
a: Renounce Religion, Berserk, Trog's Hand


You were on level 6 of the Dungeon.
You worshipped Trog.
Trog was most pleased with you.
You visited 1 branch of the dungeon, and saw 6 of its levels.

You collected 297 gold pieces.
You spent 95 gold pieces at shops.


Innate Abilities, Weirdness & Mutations

You are immune to sickness and miasma.
Your stone body is resilient. (AC +6)
You are immune to poison.
You resist negative energy. (rN+)
You are resistant to electric shocks. (rElec)
You are resistant to unholy torment.
You are immune to petrification.


   Skills:
 + Level 5.5 Fighting
 - Level 8.0 Axes
 - Level 1.8 Throwing
 - Level 4.2 Armour
 - Level 1.5 Dodging
 - Level 7.0 Shields


You had 8 spell levels left.
You didn't know any spells.
Your spell library was empty.

Inventory:

Hand Weapons
 l - a +0 morningstar
 n - a +1 vampiric war axe (weapon)
Missiles
 b - 3 boomerangs (quivered)
Armour
 d - a +0 helmet (worn)
 g - a +0 plate armour (worn)
 j - a +0 kite shield (worn)
Jewellery
 c - a ring of protection from fire (left hand)
 m - the ring "Doel" {rElec EV+4}
   (You found it on level 6 of the Dungeon)

   [ring of evasion]

   EV:        It affects your evasion (+4).
   rElec:     It insulates you from electricity.
 q - an amulet of the acrobat
Scrolls
 a - a scroll of identify
 f - a scroll of teleportation
 r - a scroll of torment {unknown}
Potions
 e - 5 potions of curing
 h - a potion of heal wounds
 i - a potion of berserk rage {unknown}
 k - a potion of might
 o - 2 potions of mutation {unknown}
 p - a potion of attraction {unknown}

Dungeon Overview and Level Annotations

Branches:
Dungeon (6/15)             Temple (0/1) D:6

Altars:
Hepliaklqana
Nemelex Xobeh
Ru

Shops:
D:2 *


Message History

You block something's attack.
You swing at nothing.
Something hits you but does no damage. x2
You closely miss something. Something hits you but does no damage.
Something hits you.
You miss something. Something hits you! Something hits you.
You hit something but do no damage. Something hits you.
You block something's attack.
You swing at nothing.
Something hits you. Something hits you but does no damage.
You swing at nothing.
You block something's attack.
You swing at nothing.
Something hits you.
You slash something! Something hits you but does no damage.
You hit something but do no damage. You block something's attack.
You miss something. Something hits you but does no damage.
You miss something. Something hits you.
You swing at nothing.
Something hits you.
You closely miss something. Something hits you. You block something's attack.
You hit something. Something hits you.
You miss something. Something hits you. Something completely misses you.
You closely miss something.
Something hits you but does no damage. x2
You miss something. Something hits you but does no damage. Something hits you.
You closely miss something.
Something hits you but does no damage. x2
You slash something!
You feel better. Something hits you!
You die...

### #.. #.}
#.. #
##.######
#...#...#...#
#.}...}@..}.#
#...#...#...#
### #
##.###.##
..####### #..
#...#
........# #.}
#.>.#
####.)..# #..
#...# #))..#
### ##.##
##....# #..#
###.....#
#.##


There were no monsters in sight!

Vanquished Creatures
  Pikel (D:4)
  Grinder (D:4)
  An orc warrior (D:6)
  An ogre (D:5)
  A centaur (D:6)
  A lemure (D:4)
  A kobold brigand (D:5)
  3 necrophages
  3 scorpions
  2 howler monkeys
  2 hounds
  6 orc priests
  A jelly (D:4)
  2 iguanas (D:5)
  4 orc wizards
  Natasha (thrice) (D:4)
  11 adders
  2 white imps
  An ufetubus (D:5)
  2 worms (D:4)
  2 dart slugs
  21 orcs
  6 bats
  4 endoplasms
  3 giant cockroaches
  6 goblins
  4 hobgoblins
  4 jackals (D:1)
  14 kobolds
  5 quokkas
  7 ball pythons
  2 frilled lizards (D:1)
  4 rats
131 creatures vanquished.

Notes
Turn   | Place    | Note
-------+----------+-------------------------------------------
     0 | D:1      | qw the Gargoyle Berserker began the quest for the Orb.
     0 | D:1      | Reached XP level 1. HP: 14/14 MP: 1/1
     0 | D:1      | 0 ||| qw: Version: 0.1-a-104-g96f76f8
     0 | D:1      | 0 ||| qw: Game counter: 5891
     0 | D:1      | 0 ||| qw: Always use a shield: true
     0 | D:1      | 0 ||| qw: Do Orc after D:15 true
     0 | D:1      | 0 ||| qw: Do second Lair branch before Depths: true
     0 | D:1      | 0 ||| qw: Lair rune preference: random
     0 | D:1      | 0 ||| qw: Plans: Normal
     0 | D:1      | 0 ||| PLANNING D:1-11
    56 | D:1      | Reached skill level 3 in Axes
    89 | D:1      | Reached XP level 2. HP: 15/19 MP: 2/2
   533 | D:1      | Reached XP level 3. HP: 23/23 MP: 3/3
   651 | D:1      | Reached ** piety under Trog
   682 | D:1      | 682 ||| UPGRADING to +0 scale mail.
   692 | D:1      | 692 ||| DROPPING +0 animal skin.
   693 | D:1      | 693 ||| UPGRADING to +0 plate armour.
   703 | D:1      | 703 ||| DROPPING +0 scale mail.
   704 | D:1      | 704 ||| READING scroll labelled GAOCOHU EWUKH.
   805 | D:1      | 805 ||| READING scroll labelled INAEMM ZONT.
   806 | D:1      | 806 ||| READING scroll labelled YKEMME WONUHEIGEE.
   845 | D:2      | You fall into a shaft and drop 2 floors!
   873 | D:4      | 873 ||| INVOKING Berserk.
   999 | D:4      | Reached skill level 4 in Axes
  1011 | D:4      | Found a hazy altar of Hepliaklqana.
  1070 | D:4      | 1070 ||| READING scroll labelled CESCHO FAZE.
  1176 | D:3      | 1176 ||| Stepping ~*~*~tactically~*~*~ (stealth).
  1276 | D:3      | 1276 ||| READING scroll labelled HUCYUL OGAR.
  1280 | D:3      | Found a faded altar of an unknown god.
  1289 | D:3      | Reached XP level 4. HP: 26/28 MP: 4/4
  1306 | D:3      | 1306 ||| READING scroll labelled PAKOHUDWOO.
  1333 | D:3      | 1333 ||| Stepping ~*~*~tactically~*~*~ (stealth).
  1387 | D:3      | 1387 ||| Stepping ~*~*~tactically~*~*~ (hiding).
  1397 | D:3      | 1397 ||| UPGRADING to +0 helmet.
  1416 | D:2      | 1416 ||| Stepping ~*~*~tactically~*~*~ (stealth).
  1486 | D:2      | 1486 ||| Stepping ~*~*~tactically~*~*~ (stealth).
  1487 | D:2      | 1487 ||| Stepping ~*~*~tactically~*~*~ (stealth).
  1488 | D:2      | 1488 ||| Stepping ~*~*~tactically~*~*~ (stealth).
  1513 | D:2      | Found Biowkiuff's General Store.
  1546 | D:2      | 1546 ||| BUYING scroll of brand weapon (95 gold).
  1546 | D:2      | Bought a scroll of brand weapon for 95 gold pieces
  1546 | D:2      | 1546 ||| READING scroll of brand weapon.
  1546 | D:2      | 1546 ||| BRANDING +1 hand axe.
  1564 | D:2      | 1564 ||| FLEEEEING.
  1565 | D:2      | 1565 ||| FLEEEEING.
  1580 | D:2      | 1580 ||| FLEEEEING.
  1581 | D:2      | 1581 ||| FLEEEEING.
  1584 | D:2      | 1584 ||| STAIRDANCE
  1616 | D:2      | 1616 ||| Stepping ~*~*~tactically~*~*~ (hiding).
  1619 | D:2      | 1619 ||| Stepping ~*~*~tactically~*~*~ (hiding).
  1789 | D:2      | 1789 ||| Stepping ~*~*~tactically~*~*~ (stealth).
  1796 | D:2      | Reached skill level 5 in Axes
  1826 | D:2      | 1826 ||| SWAPPING to +2 hand axe of electrocution.
  1827 | D:2      | 1827 ||| DROPPING +1 hand axe of venom.
  2033 | D:2      | 2033 ||| READING scroll labelled BOISA FESYCWAE.
  2034 | D:2      | 2034 ||| READING scroll labelled SIUNYMIARI.
  2041 | D:3      | 2041 ||| INVOKING Berserk.
  2045 | D:3      | Reached XP level 5. HP: 32/32 MP: 5/5
  2052 | D:3      | Reached skill level 3 in Armour
  2052 | D:3      | 2052 ||| STAIRDANCE
  2340 | D:3      | 2340 ||| Stepping ~*~*~tactically~*~*~ (stealth).
  2343 | D:3      | 2343 ||| Stepping ~*~*~tactically~*~*~ (hiding).
  2346 | D:3      | 2346 ||| INVOKING Berserk.
  2468 | D:3      | 2468 ||| DROPPING +0 flail.
  2499 | D:3      | 2499 ||| Stepping ~*~*~tactically~*~*~ (stealth).
  2641 | D:3      | 2641 ||| UPGRADING to +0 kite shield.
  2646 | D:3      | 2646 ||| READING scroll labelled GETALL INUB TIL.
  2647 | D:3      | 2647 ||| READING 2 scrolls of identify.
  2647 | D:3      | 2647 ||| IDENTIFYING viscous grey potion
  2648 | D:3      | 2648 ||| DROPPING potion of flight.
  2696 | D:4      | 2696 ||| INVOKING Berserk.
  2704 | D:4      | Reached skill level 1 in Shields
  2709 | D:4      | Reached XP level 6. HP: 38/38 MP: 6/6
  2714 | D:4      | Noticed Pikel
  2723 | D:4      | Killed Pikel
  2724 | D:4      | Reached skill level 6 in Shields
  2724 | D:4      | Reached XP level 7. HP: 25/42 MP: 7/7
  2858 | D:4      | Noticed Grinder
  2859 | D:4      | 2859 ||| INVOKING Trog's Hand.
  2860 | D:4      | 2860 ||| INVOKING Berserk.
  2868 | D:4      | Killed Grinder
  2869 | D:4      | Reached XP level 8. HP: 50/50 MP: 8/8
  2986 | D:4      | Noticed Natasha
  2987 | D:4      | 2987 ||| Stepping ~*~*~tactically~*~*~ (hiding).
  2993 | D:4      | Killed Natasha
  3159 | D:4      | 3159 ||| INVOKING Berserk.
  3550 | D:4      | Noticed Natasha
  3561 | D:4      | Killed Natasha
  3628 | D:4      | Noticed Natasha
  3631 | D:4      | Killed Natasha
  3804 | D:4      | 3804 ||| UPGRADING to ring of protection from fire.
  3805 | D:4      | 3805 ||| DRINKING 4 dark potions.
  3806 | D:4      | 3806 ||| READING 2 scrolls of identify.
  3806 | D:4      | 3806 ||| IDENTIFYING fuming golden potion
  3807 | D:4      | 3807 ||| DROPPING potion of brilliance.
  3836 | D:5      | Entered Level 5 of the Dungeon
  3855 | D:5      | Reached skill level 6 in Axes
  3892 | D:5      | Found a sparkling altar of Nemelex Xobeh.
  3926 | D:5      | 3926 ||| Stepping ~*~*~tactically~*~*~ (hiding).
  3931 | D:5      | 3931 ||| INVOKING Berserk.
  3952 | D:5      | 3952 ||| Stepping ~*~*~tactically~*~*~ (hiding).
  3960 | D:5      | 3960 ||| DRINKING 3 potions of curing.
  3960 | D:5      | 3960 ||| (to cure confusion)
  4035 | D:5      | Reached *** piety under Trog
  4036 | D:5      | 4036 ||| Stepping ~*~*~tactically~*~*~ (stealth).
  4040 | D:5      | 4040 ||| Stepping ~*~*~tactically~*~*~ (stealth).
  4047 | D:5      | Reached skill level 7 in Axes
  4078 | D:5      | 4078 ||| INVOKING Berserk.
  4337 | D:5      | Found a sacrificial altar of Ru.
  4406 | D:5      | 4406 ||| DROPPING +6 ring of intelligence.
  4407 | D:5      | 4407 ||| READING scroll labelled BIVEAR SUHACOT.
  4408 | D:5      | 4408 ||| READING scroll labelled YZACIO YSAC.
  4409 | D:5      | 4409 ||| DRINKING 2 blue potions.
  4410 | D:5      | 4410 ||| READING 2 scrolls of identify.
  4410 | D:5      | 4410 ||| IDENTIFYING amethyst potion
  4411 | D:5      | 4411 ||| DROPPING potion of degeneration.
  4461 | D:6      | 4461 ||| INVOKING Berserk.
  4471 | D:6      | Reached XP level 9. HP: 46/54 MP: 9/9
  4475 | D:6      | Reached skill level 1 in Throwing
  4593 | D:6      | 4593 ||| SWAPPING to +0 war axe.
  4594 | D:6      | 4594 ||| DROPPING +2 hand axe of electrocution.
  4659 | D:6      | 4659 ||| FLEEEEING.
  4665 | D:6      | 4665 ||| Stepping ~*~*~tactically~*~*~ (hiding).
  4667 | D:6      | 4667 ||| Stepping ~*~*~tactically~*~*~ (hiding).
  4668 | D:6      | 4668 ||| FLEEEEING.
  4669 | D:6      | 4669 ||| Stepping ~*~*~tactically~*~*~ (hiding).
  4670 | D:6      | 4670 ||| FLEEEEING.
  4676 | D:6      | 4676 ||| INVOKING Berserk.
  4696 | D:6      | Reached skill level 8 in Axes
  4857 | D:6      | 4857 ||| SWAPPING to +1 vampiric war axe.
  4858 | D:6      | 4858 ||| DROPPING +0 war axe.
  4894 | D:6      | Identified the ring "Doel" {rElec EV+4}
  5187 | D:6      | Found a staircase to the Ecumenical Temple.
  5203 | D:6      | 5203 ||| Stepping randomly (disturbance).
  5222 | D:6      | HP: 9/54 [something (6)]
  5224 | D:6      | HP: 1/54 [something (4)]
  5228 | D:6      | Slain by an unseen horror

Levels and vault maps discovered:
D:1:      dpeg_arrival_rhombus, layout_rooms
D:2:      layout_rooms, serial_shops, shop_coins
D:3:      layout_rooms, serial_curves, eino_curves_03, eino_curves_02,
          eino_curves_01, eino_curves_04, hellmonk_ecumenical_altar_crossroads
D:4:      layout_loops_ring, mainiacjoe_overflow_24_doors, uniq_grinder,
          uniq_pikel, uniq_natasha
D:5:      layout_gridville, marbit_many_paths, hangedman_ru_absence
D:6:      layout_rooms, minmay_temple_entry_nine_rooms

Skill      XL: |  1  2  3  4  5  6  7  8  9 |
---------------+----------------------------+-----
Axes           | 3 4 5 7 8 |  8.0
Armour         | 3 4 |  4.2
Shields        | 2 6 7 |  7.0
Fighting       | 5 |  5.5
Throwing       | 1 |  1.8
Dodging        | |  1.5

Action                   |  1- 3 |  4- 6 |  7- 9 || total
-------------------------+-------+-------+-------++-------
Melee: Hand axe          |    87 |   111 |   135 ||   333
       Punch             |       |     1 |       ||     1
       War axe           |       |       |    39 ||    39
Throw: Boomerang         |       |       |    15 ||    15
Invok: Berserk           |     1 |     3 |     6 ||    10
       Trog's Hand       |       |       |     1 ||     1
  Use: Scroll            |     5 |     6 |     4 ||    15
       Potion            |       |       |     3 ||     3
Armor: Animal skin       |    21 |       |       ||    21
       Plate armour      |    15 |    63 |    83 ||   161
Dodge: Dodged            |    54 |    32 |    27 ||   113
Block: Kite shield       |       |     7 |    68 ||    75

Table legend:
 A = Non-vault XP
 B = Vault XP
 C = Vault XP percentage of total XP
 D = Non-vault monster count
 E = Vault monster count
 F = Vault count percentage of total count
                 A         B        C        D         E       F
            +---------+---------+-------+---------+---------+-------
      Total |    2101 |     911 |  30.2 |     126 |       4 |   3.1
            +---------+---------+-------+---------+---------+-------
        D:1 |      40 |       0 |   0.0 |      24 |       0 |   0.0
        D:2 |      36 |       0 |   0.0 |      16 |       0 |   0.0
        D:3 |     153 |       0 |   0.0 |      19 |       0 |   0.0
        D:4 |     392 |     909 |  69.9 |      23 |       3 |  11.5
        D:5 |     724 |       2 |   0.3 |      22 |       1 |   4.3
        D:6 |     756 |       0 |   0.0 |      22 |       0 |   0.0
            +---------+---------+-------+---------+---------+-------
